 Dungeon Crawl Stone Soup version 0.29.1-4-g47bece8355 (webtiles) character file.

Game seed: 8896715308455935817

2930 javelincjr the Thaumaturge (level 9, -3/48 HPs)
             Began as a Deep Elf Conjurer on Dec 1, 2022.
             Slain by an orc warrior
             ... wielding a +0 mace
              (13 damage)
             ... on level 8 of the Dungeon.
             The game lasted 01:05:01 (7785 turns).

javelincjr the Thaumaturge (Deep Elf Conjurer)      Turns: 7785, Time: 01:05:02

Health: -3/48      AC:  8    Str:  6    XL:     9   Next: 50%
Magic:  11/25      EV: 17    Int: 28    God:
Gold:   434        SH:  5    Dex: 13    Spells: 24/28 levels left

rFire   + + .      SeeInvis .   o - +7 whip of the Wraith {flame, *Slow Str+2 Stlth+}
rCold   x . .      Faith    .   (no shield)
rNeg    . . .      Spirit   .   l - +0 robe
rPois   +          Reflect  +   (no helmet)
rElec   .          Harm     .   f - +2 cloak of a ziggurat {rPois}
rCorr   .          Rampage  .   d - +1 pair of gloves
Will    .....                   w - +0 pair of boots
Stlth   ++++......              s - amulet of reflection
HPRegen 0.16/turn               j - ring of fire
MPRegen 0.19/turn               H - +4 ring of evasion

@: no status effects
A: deterioration 1, fire resistance 1
a: no special abilities


You were on level 8 of the Dungeon.
You visited 2 branches of the dungeon, and saw 11 of its levels.

You collected 470 gold pieces.
You spent 36 gold pieces at shops.

Inventory:

Hand Weapons
 e - a +3 spear of freezing
 o - the +7 whip of the Wraith (weapon) {flame, *Slow Str+2 Stlth+}
   (You found it on level 3 of the Dungeon)

   It burns those it strikes, dealing additional fire damage.
   Str:       It affects your strength (+2).
   *Slow:     It may slow you when you take damage.
   Stlth:     It makes you more stealthy.
 p - a +3 dagger of venom
Missiles
 x - 9 poisoned darts (quivered)
Armour
 d - a +1 pair of gloves (worn)
 f - the +2 cloak of a ziggurat (worn) {rPois}
   (You acquired it in the Ecumenical Temple)

   rPois:     It protects you from poison.
 l - a +0 robe (worn)
 w - a +0 pair of boots (worn)
Magical Staves
 E - a staff of cold
Jewellery
 a - the amulet "Gidol" {Regen+ Stlth+}
   (You found it on level 8 of the Dungeon)

   [amulet of regeneration]

   Regen:     It increases your rate of health regeneration.
   Stlth:     It makes you more stealthy.
 j - a ring of fire (left hand)
 s - an amulet of reflection (around neck)
 G - a ring of poison resistance
 H - a +4 ring of evasion (right hand)
Wands
 m - a wand of paralysis (3)
 r - a wand of quicksilver (22)
 u - a wand of digging (6)
 v - a wand of flame (26)
 C - a wand of roots (3)
Scrolls
 h - 2 scrolls of enchant armour
 i - a scroll of amnesia
 q - a scroll of poison
 t - 3 scrolls of identify
 y - a scroll of teleportation
 B - 2 scrolls of enchant weapon
 F - a scroll of magic mapping
Potions
 b - a potion of magic
 n - 8 potions of curing
 z - 2 potions of flight


   Skills:
 + Level 2.0 Fighting
 + Level 0.2(1.3) Axes
 + Level 2.0 Maces & Flails
 + Level 0.2(0.3) Polearms
 + Level 4.8 Dodging
 + Level 6.1 Stealth
 + Level 0.5 Shields
 + Level 10.2 Spellcasting
 + Level 9.6 Conjurations
 + Level 2.5 Fire Magic
 + Level 0.1 Evocations


You had 24 spell levels left.
You knew the following spells:

 Your Spells              Type           Power      Damage    Failure   Level
a - Magic Dart            Conj           100%       1d8       1%          1
b - Searing Ray           Conj           100%       2d8       1%          2
c - Foxfire               Conj/Fire      100%       2x1d9     1%          1

Your spell library contained the following spells:

 Spells                   Type           Power      Damage    Failure   Level
 Shock                    Conj/Air       100%       1d9       1%          1
 Conjure Flame            Conj/Fire      64%        6-21      1%          3
 Dazzling Flash           Conj/Hex       82%        N/A       1%          3
 Flame Wave               Conj/Fire      64%        2d15      3%          4
 Fulminant Prism          Conj/Hex       20%        3d13      5%          4
 Iskenderun's Mystic Bla  Conj/Tloc      41%        2d9       5%          4
 Blink                    Tloc           28%        N/A       6%          2
 Sublimation of Blood     Necr           14%        N/A       6%          2
 Wereblood                Tmut           14%        N/A       6%          2
 Inner Flame              Hex/Fire       32%        N/A       7%          3
 Lesser Beckoning         Tloc           14%        N/A       12%         3
 Swiftness                Air            14%        N/A       12%         3
 Airstrike                Air            7%         2d(1-17)  36%         4
 Manifold Assault         Tloc           14%        N/A       73%         5
 Summon Hydra             Summ           7%         N/A       100%        7


Dungeon Overview and Level Annotations

Branches:
Dungeon (10/15)            Temple (1/1) D:7
   Lair: D:8-11         Orc: D:9-12

Altars:
Dithmenos
Elyvilon
Fedhas
Gozag
Makhleb
Trog
Uskayaw
Xom
Yredelemnul
Zin
The Shining One

Shops:
D:4 :!(


Innate Abilities, Weirdness & Mutations

Your body sometimes deteriorates upon taking damage.
Your flesh is heat resistant. (rF+)


Message History

Erica is almost dead. (Press . to maintain the ray.)
The searing ray hits Erica.
You kill Erica!
Your Fighting skill increases to level 2!
Your Maces & Flails skill increases to level 2!
Your Stealth skill increases to level 6!
Your Spellcasting skill increases to level 10!
Your Fire Magic skill increases to level 2!
The searing ray hits the orc!
You kill the orc!
Casting: Searing Ray (safe; 1% risk of failure)
Confirm with . or Enter, or press ? or * to list all spells.
Restarting spell: Searing Ray (safe; 1% risk of failure)
Press: ? - help, Shift-Dir - straight line, f - orc
Aim: an orc, wielding a +0 dagger (83% to hit)
The searing ray misses the orc warrior.
The searing ray hits the orc.
You kill the orc!
The searing ray hits the orc!
You kill the orc! (Press . to maintain the ray.)
An orc comes into view. It is wielding a +0 flail.
The searing ray hits the orc warrior.
The orc warrior is lightly wounded.
The searing ray hits the orc.
The orc is heavily wounded.
The searing ray hits the orc!
You kill the orc!
The orc warrior closely misses you.
The searing ray hits the orc warrior!
The orc warrior is moderately wounded.
The searing ray hits the orc.
The orc is almost dead.
You finish channelling your searing ray.
The orc warrior hits you with a +0 mace!
* * * LOW HITPOINT WARNING * * *
The orc completely misses you.
The orc warrior attacks as you move away!
The orc warrior hits you with a +0 mace!
You die...

###......## ##.........#
##..........###
..............###
.#..............###
##................##
##.........)|.)....###
..#
###..........#oo....####
..#
####......###@.......###
..# ####..##
##.........###..# ####
#...........#..##
#................#
#.......##.......#
#.........###....##
#..........###..##
#...........#...#
.....##......##


You could see an orc warrior and an orc.

Vanquished Creatures
  Erica (D:8)
  A shadow (D:5)
  Sigmund (D:2)
  A steam dragon (D:6)
  Menkaure (D:6)
  A water moccasin (D:7)
  2 black bears (D:5)
  2 ice beasts
  A sky beast (D:4)
  2 ogres
  3 centaurs
  Blork the orc (D:4)
  A necrophage (D:4)
  3 scorpions
  4 howler monkeys
  2 hounds
  4 iguanas
  An orc wizard (D:6)
  The ghost of nshep25 the Sneak, a weakling DsDe of Xom (D:6)
  6 adders
  A white imp (D:5)
  2 worms
  3 dart slugs
  10 orcs
  6 ball pythons
  2 bats
  5 endoplasms
  6 giant cockroaches
  5 goblins
  5 hobgoblins
  2 jackals (D:1)
  8 kobolds
  A quokka (D:4)
  3 frilled lizards
  7 rats
105 creatures vanquished.

Vanquished Creatures (others)
  49 foxfires
49 creatures vanquished.

Grand Total: 154 creatures vanquished

Notes
Turn   | Place    | Note
-------+----------+-------------------------------------------
     0 | D:1      | javelincjr the Deep Elf Conjurer began the quest for the
                  | Orb.
     0 | D:1      | Reached XP level 1. HP: 10/10 MP: 6/6
   475 | D:1      | Reached XP level 2. HP: 15/15 MP: 5/8
   552 | D:2      | Reached skill level 5 in Conjurations
   772 | D:2      | Found a faded altar of an unknown god.
  1011 | D:2      | Reached XP level 3. HP: 19/19 MP: 7/9
  1042 | D:2      | Learned a level 2 spell: Searing Ray
  1420 | D:2      | Noticed Sigmund
  1428 | D:2      | Killed Sigmund
  1429 | D:2      | Reached skill level 4 in Spellcasting
  1429 | D:2      | Reached XP level 4. HP: 16/24 MP: 3/12
  1429 | D:2      | Reached XP level 5. HP: 19/28 MP: 3/13
  1820 | D:3      | Identified the +7 whip of the Wraith {flame, *Slow Str+2
                  | Stlth+}
  2241 | D:3      | Found a hide-covered altar of Uskayaw.
  2389 | D:4      | Noticed Blork the orc
  2397 | D:4      | Killed Blork the orc
  2398 | D:4      | Reached XP level 6. HP: 33/33 MP: 5/14
  2600 | D:5      | Entered Level 5 of the Dungeon
  2745 | D:4      | Found Ycojai's Antique Weapon Emporium.
  2901 | D:4      | Reached skill level 5 in Spellcasting
  3390 | D:4      | Reached skill level 1 in Fighting
  3392 | D:4      | Found Kut Dipp's Book Shop.
  3508 | D:4      | Noticed a sky beast
  3515 | D:4      | Killed a sky beast
  3516 | D:4      | Reached XP level 7. HP: 32/38 MP: 11/17
  3524 | D:4      | Learned a level 1 spell: Foxfire
  3737 | D:4      | Found Dunihye's Distillery.
  3741 | D:4      | Bought a potion of curing for 36 gold pieces
  3839 | D:5      | Reached skill level 6 in Spellcasting
  4162 | D:5      | Reached skill level 1 in Maces & Flails
  4279 | D:5      | Found a white marble altar of Elyvilon.
  4308 | D:5      | Reached skill level 7 in Spellcasting
  4308 | D:5      | Reached XP level 8. HP: 43/43 MP: 14/20
  4590 | D:5      | Reached skill level 8 in Spellcasting
  4876 | D:6      | Reached skill level 5 in Stealth
  4987 | D:6      | Reached skill level 1 in Fire Magic
  5226 | D:6      | Found a large runed translucent door.
  5226 | D:6      | Found a large runed translucent door.
  5234 | D:6      | Noticed nshep25's ghost (weakling DsDe)
  5340 | D:6      | Killed nshep25's ghost
  5800 | D:6      | Noticed Menkaure
  5808 | D:6      | Killed Menkaure
  6229 | D:9      | Found a burning altar of Makhleb.
  6236 | D:10     | Entered Level 10 of the Dungeon
  6246 | D:10     | Reached skill level 9 in Spellcasting
  6461 | D:9      | Noticed a two-headed ogre
  6535 | D:7      | Reached XP level 9. HP: 48/48 MP: 17/24
  6641 | D:7      | Found a staircase to the Ecumenical Temple.
  6650 | Temple   | Entered the Ecumenical Temple
  6779 | Temple   | Identified a scroll of acquirement
  6779 | Temple   | Acquired the +2 cloak of a ziggurat {rPois}
  6794 | Temple   | Gained mutation: Your flesh is heat resistant. (rF+)
                  | [potion of mutation]
  6794 | Temple   | Gained mutation: Your body sometimes deteriorates upon
                  | taking damage. [potion of mutation]
  7633 | D:8      | Identified the amulet "Gidol" {Regen+ Stlth+}
  7751 | D:8      | Noticed Erica
  7778 | D:8      | Killed Erica
  7779 | D:8      | Reached skill level 10 in Spellcasting
  7785 | D:8      | Slain by an orc warrior

Illustrated notes

Levels and vault maps discovered:
D:1:      amcnicky_arrival_single_pillar, layout_basic
D:2:      layout_loops_ring, nicolae_ecumenical_oubliette, grunt_ministairs_10,
          eino_tiny_chamber, uniq_sigmund
D:3:      wander_river, layout_loops_ring, lemuel_doored_altar,
          chequers_serial_rivers_micro_d, minmay_box_of_dots
D:4:      layout_loops_corners, serial_shops, shop, nicolae_shop_trees,
          nicolae_shop_advertising_works [nicolae_subvault_shop_adworks],
          st_stairs_8, uniq_blork_the_orc
D:5:      layout_rooms, elyvilon_altar_3, minmay_misc_feat_pillars
D:6:      layout_loops_ring, ebering_ghost_disaster_area,
          minmay_misc_feat_diagonals, uniq_menkaure
D:7:      layout_cave_pods, minmay_temple_entry_crystal_x, columned_hall_lemuel
D:8:      layout_cave_pods, gammafunk_temple_overflow_forgotten, uniq_erica
D:9:      layout_roguey, bloody_makhleb, general_overflow_altar
D:10:     layout_roguey, old_standard_altar,
          mainiacjoe_overflow_small_starburst, serial_shops,
          nicolae_shop_hallway_stairs, hangedman_abyss_or_decor_clamps,
          minmay_evil_grid
Temple:   hellmonk_temple_forest_ring

Skill      XL: |  1  2  3  4  5  6  7  8  9 |
---------------+----------------------------+-----
Conjurations   | 5 6 7 8 9 |  9.6
Stealth        | 3 4 5 6 |  6.1
Spellcasting   | 4 5 7 9 10 | 10.2
Dodging        | 3 4 |  4.8
Fighting       | 1 2 |  2.0
Maces & Flails | 1 2 |  2.0
Fire Magic     | 1 2 |  2.5
Axes           | |  0.2
Polearms       | |  0.2
Shields        | |  0.5
Evocations     | |  0.1

Action                   |  1- 3 |  4- 6 |  7- 9 || total
-------------------------+-------+-------+-------++-------
Melee: Hand axe          |     7 |       |       ||     7
       Spear             |    17 |     7 |       ||    24
       Whip              |       |     9 |     6 ||    15
 Cast: Magic Dart        |    36 |    24 |    33 ||    93
       Searing Ray       |     1 |    16 |    31 ||    48
       Foxfire           |       |       |    29 ||    29
Evoke: Wand              |       |       |     1 ||     1
  Use: Scroll            |       |     3 |     6 ||     9
       Potion            |       |       |     5 ||     5
 Stab: Sleeping          |     3 |       |       ||     3
Armor: Robe              |     5 |    14 |     3 ||    22
Dodge: Dodged            |    16 |    21 |    15 ||    52
Block: Other             |       |     2 |     3 ||     5
       Reflection        |       |       |     1 ||     1
